 Dungeon Crawl Stone Soup version 0.19.4-9-g45fd643 (webtiles) character file.

212 pps the Slasher (level 6, -1/48 HPs)
             Began as a Human Fighter on Feb 17, 2017.
             Was an Initiate of Okawaru.
             Killed by divine providence
             ... invoked by an orc priest
              (12 damage)
             ... on level 4 of the Dungeon.
             The game lasted 00:26:51 (3011 turns).

pps the Slasher (Human Fighter)                     Turns: 3011, Time: 00:26:52

Health: -1/48      AC: 10    Str: 18    XL:     6   Next: 13%
Magic:  6/6        EV:  7    Int:  8    God:    Okawaru [......]
Gold:   153        SH:  9    Dex: 13    Spells: 0 memorised, 5 levels left

rFire  . . .     SeeInvis .     a - +0 long sword
rCold  . . .     Gourm    .     b - +0 scale mail
rNeg   . . .     Faith    +     c - +0 shield
rPois  .         Spirit   .     y - +0 helmet
rElec  .         Reflect  .     n - +0 cloak
rCorr  .         Harm     .     (no gloves)
MR     .....                    h - +0 pair of boots
Stlth  ..........               x - amulet of faith
                                (no ring)
                                (no ring)

@: lethally poisoned (-1 -> -4)
A: no striking features
a: Renounce Religion


You were on level 4 of the Dungeon.
You worshipped Okawaru.
Okawaru was noncommittal.
You were very hungry.

You visited 1 branch of the dungeon, and saw 4 of its levels.

You collected 153 gold pieces.

Inventory:

Hand Weapons
 a - a +0 long sword (weapon)
 g - a +0 dagger
 o - a +0 dagger
 r - a +0 dagger
 t - a +0 dagger
 v - a +0 dagger
 w - a +2 dagger of pain
 z - a +0 dagger
 D - a +0 dagger
 E - a +0 blowgun
 I - a +0 dagger
 L - a +0 falchion
 N - a +0 dagger
Missiles
 j - 46 bolts
 q - 56 arrows
 F - 26 poisoned needles
Armour
 b - a +0 scale mail (worn)
 c - a +0 shield (worn)
 h - a +0 pair of boots (worn)
 n - a +0 cloak (worn)
 y - a +0 helmet (worn)
Jewellery
 x - an amulet of faith (around neck)
 C - an uncursed ring of protection from magic {unknown}
Wands
 O - a wand of slowing (27/48)
Scrolls
 e - 2 scrolls of remove curse
 i - a scroll of random uselessness {unknown}
 l - 2 scrolls of teleportation
 s - 2 scrolls of identify
 u - 2 scrolls of fear {unknown}
 B - a scroll of recharging {unknown}
 G - a scroll of blinking {unknown}
 H - a scroll of enchant armour {unknown}
 M - a scroll of enchant weapon {unknown}
Potions
 d - 2 potions of might
 p - 2 potions of berserk rage {unknown}
 A - a potion of agility {unknown}
 J - a potion of haste {unknown}
 K - a potion of magic {unknown}
Comestibles
 f - a bread ration
 k - a beef jerky
 m - 4 fruits


   Skills:
 + Level 3.8 Fighting
 + Level 3.9 Long Blades
 + Level 3.8 Armour
 + Level 1.1 Dodging
 + Level 3.8 Shields


You had 5 spell levels left.
You didn't know any spells.

Dungeon Overview and Level Annotations

Branches:
Dungeon (4/15)
 Temple: D:4-7

Altars:
Okawaru
Sif Muna

Annotations:
D:4 Kosschaser's ghost, novice HOBe


Message History

You slash the orc!
You kill the orc!
Okawaru accepts your kill.
You hit the orc.
You kill the orc!
Okawaru accepts your kill. The adder bites you but does no damage.
You closely miss the adder. The adder bites you but does no damage.
You closely miss the adder. The adder barely misses you.
The adder closely misses you.
You barely miss the adder. The adder bites you but does no damage.
You slash the adder!
The adder is severely wounded.
You block the adder's attack. The adder bites you.
* * * LOW HITPOINT WARNING * * *
You are poisoned.
The adder poisons you!
The orc priest invokes the aid of Beogh against you.
Beogh smites you!
You die...

### .. ###.
#...##
#..############
#.....ooS@...#
#..##########.#
....## #.#
##.o. #.# .....
#.# o###.. #.#
. ... #.# ####
#.# #.#


You could see an orc priest, an adder and an orc.

Vanquished Creatures
  An orc priest (D:3)
  An orc wizard (D:3)
  A howler monkey zombie (D:3)
  Robin (D:2)
  2 adders (D:3)
  A worm (D:2)
  3 dart slugs
  6 orcs
  3 bats
  6 giant cockroaches
  20 goblins
  13 hobgoblins
  7 jackals
  A quokka (D:2)
  A ball python (D:2)
  5 frilled lizards
  11 kobolds
  A leopard gecko skeleton (D:4)
  8 rats
92 creatures vanquished.

Notes
Turn   | Place    | Note
-------+----------+-------------------------------------------
     0 | D:1      | pps the Human Fighter began the quest for the Orb.
     0 | D:1      | Reached XP level 1. HP: 18/18 MP: 1/1
    81 | D:1      | Reached XP level 2. HP: 16/24 MP: 2/2
   511 | D:1      | Reached XP level 3. HP: 29/29 MP: 3/3
  1165 | D:2      | Noticed Robin
  1183 | D:2      | Reached XP level 4. HP: 21/35 MP: 4/4
  1196 | D:2      | Killed Robin
  1800 | D:2      | Found a faded altar of an unknown god.
  1800 | D:2      | Found a faded altar of an unknown god.
  1810 | D:2      | Found a faded altar of an unknown god.
  1812 | D:2      | Found an iron altar of Okawaru.
  1816 | D:2      | Found a faded altar of an unknown god.
  1826 | D:2      | Became a worshipper of Warmaster Okawaru
  2091 | D:3      | Reached XP level 5. HP: 41/41 MP: 5/5
  2257 | D:3      | Reached skill level 1 in Dodging
  2317 | D:3      | Reached XP level 6. HP: 30/48 MP: 6/6
  2664 | D:3      | Found a deep blue altar of Sif Muna.
  2887 | D:4      | Noticed Kosschaser's ghost (novice HOBe)
  3011 | D:4      | Killed from afar by an orc priest

Skill      XL: |  1  2  3  4  5 |
---------------+----------------+-----
Long Blades    | 3 |  3.9
Dodging        | 1 |  1.1
Fighting       | |  3.8
Armour         | |  3.8
Shields        | |  3.8

Action                   |  1- 3 |  4- 6 || total
-------------------------+-------+-------++-------
Melee: Long sword        |   131 |   191 ||   322
Evoke: Wand              |       |     1 ||     1
  Use: Potion            |       |     4 ||     4
       Scroll            |       |     3 ||     3
  Eat: Chunk             |       |     3 ||     3
       Pizza             |       |     1 ||     1
       Beef jerky        |       |     1 ||     1
Armor: Scale mail        |    57 |    76 ||   133
Dodge: Dodged            |    43 |    48 ||    91
Block: Shield            |    73 |    75 ||   148
       Rpst.: Long sword |    13 |    17 ||    30
